 Dungeon Crawl Stone Soup version 0.30-a0-782-ge64f9170bb (webtiles) character file.

Game seed: 16200972541096684554

24 Leeroy the Insei (level 3, -1/24 HPs)
             Began as an Octopode Transmuter on Feb 22, 2023.
             Frozen to death by an endoplasm (5 damage)
             ... on level 1 of the Dungeon.
             The game lasted 00:01:01 (464 turns).

Leeroy the Insei (Octopode Transmuter)               Turns: 464, Time: 00:01:01

Health: -1/24      AC:  1    Str:  9    XL:     3   Next: 2%
Magic:  6/6        EV: 13    Int: 17    God:
Gold:   14         SH:  0    Dex: 12    Spells: 5/6 levels left

rFire   . . .      SeeInvis .      - Unarmed
rCold   . . .      Faith    .    (no shield)
rNeg    . . .      Spirit   .    (helmet restricted)
rPois   .          Reflect  .    (no amulet)
rElec   .          Harm     .    (no ring)
rCorr   .          Rampage  .    (no ring)
Will    .....                    (no ring)
Stlth   ++                       (no ring)
HPRegen 0.24/turn                (no ring)
MPRegen 0.10/turn                (no ring)
                                 (no ring)
                                 (no ring)

@: no status effects
A: almost no armour, amphibious, 8 rings, camouflage 1, gelatinous body 1,
(nimble swimmer 1), tentacles
a: no special abilities


You were on level 1 of the Dungeon.
You visited 1 branch of the dungeon, and saw 1 of its levels.

You collected 14 gold pieces.

Inventory:

Scrolls
 c - a scroll of identify {unknown}
 d - a scroll of brand weapon {unknown}
Potions
 a - a potion of lignification
 b - a potion of resistance {unknown}
 e - a potion of haste {unknown}


   Skills:
 * Level 2.1 Fighting
 - Level 2.0 Dodging
 - Level 3.0 Unarmed Combat
 - Level 2.0 Spellcasting
 * Level 2.7 Transmutations


You had 5 spell levels left.
You knew the following spells:

 Your Spells              Type           Power      Damage    Failure   Level
a - Beastly Appendage     Tmut           22%        N/A       6%          1

Your spell library contained the following spells:

 Spells                   Type           Power      Damage    Failure   Level
 Wereblood                Tmut           11%        N/A       10%         2
 Spider Form              Tmut/Pois      6%         N/A       32%         3
 Ice Form                 Ice/Tmut       6%         N/A       73%         4


Dungeon Overview and Level Annotations

Branches:
Dungeon (1/15)

Altars:


Innate Abilities, Weirdness & Mutations

You cannot wear most types of armour.
You are amphibious.
You can wear up to eight rings at the same time.
Your skin changes colour to match your surroundings (Stealth+).
Your rubbery body absorbs attacks. (AC +1, EV +1)
((You are camouflaged when in or above water. (Stealth+)))
You have tentacles for arms and can constrict up to eight enemies at once.


Message History

Your experience leads to an increase in your attributes!
Increase (S)trength, (I)ntelligence, or (D)exterity?
You feel clever. x2
The bat hits you. The bat closely misses you. The endoplasm barely misses you.
The bat hits you.
The ball python attacks as you move away!
The ball python bites you. The bat barely misses you.
The bat closely misses you. x2
The endoplasm attacks as you move away! The endoplasm closely misses you.
Found a stone staircase leading down.
The bat closely misses you. The bat barely misses you.
The endoplasm attacks as you move away! The endoplasm misses you.
The bat hits you. The ball python closely misses you.
The ball python barely misses you. The endoplasm freezes you.
You are frozen.
The hobgoblin closely misses you. The bat hits you but does no damage.
The hobgoblin attacks as you move away! The hobgoblin barely misses you.
The bat completely misses you. The endoplasm barely misses you.
The bat closely misses you. The ball python barely misses you.
The ball python completely misses you.
You tentacle-slap the bat. You grab the bat.
The bat is moderately wounded.
You constrict the bat. The bat hits you. The bat closely misses you.
The bat struggles to escape constriction.
The endoplasm hits you.
* * * LOW HITPOINT WARNING * * *
The ball python bites you.
* * * LOW HITPOINT WARNING * * *
The ball python barely misses you. The bat closely misses you.
You release your grip on the bat.
The endoplasm attacks as you move away! The endoplasm hits you.
* * * LOW HITPOINT WARNING * * *
The bat closely misses you. x2
You tentacle-slap the endoplasm.
The endoplasm is almost dead.
The bat barely misses you. The bat hits you but does no damage.
The endoplasm freezes you.
You are frozen.
You die...

..........#.......
>......................... ..
..........................
....[.......................#
....#........###..........>..
....#......#.###.......##....
.................)...........
..........J#+#.....#......#..
.........gSJ@b.....#.........
......†...#bJ......#......#..
...................#......#..
..........................+..
..........†...............##.
#.............##....#####..#.
..###...................#....
. ..........###..........#..
...........# #.........#.#.


You could see 3 endoplasms, a hobgoblin, 2 bats and a ball python.

Vanquished Creatures
  2 dart slugs (D:1)
  2 endoplasms (D:1)
  A giant cockroach (D:1)
  2 goblins (D:1)
  2 hobgoblins (D:1)
  2 jackals (D:1)
  2 kobolds (D:1)
  A quokka (D:1)
  4 ball pythons (D:1)
18 creatures vanquished.

Notes
Turn   | Place    | Note
-------+----------+-------------------------------------------
     0 | D:1      | Leeroy the Octopode Transmuter began the quest for the Orb.
     0 | D:1      | Reached XP level 1. HP: 13/13 MP: 3/3
    53 | D:1      | Reached XP level 2. HP: 11/18 MP: 5/5
   456 | D:1      | Reached XP level 3. HP: 15/24 MP: 6/6
   464 | D:1      | Frozen to death by an endoplasm

Illustrated notes

Levels and vault maps discovered:
D:1:      psy_arrival_dodecagon, layout_basic, item_on_display_a

Skill      XL: |  1  2 |
---------------+-------+-----
Fighting       | 2 |  2.1
Dodging        | |  2.0
Unarmed Combat | |  3.0
Spellcasting   | |  2.0
Transmutations | |  2.7

Action                     || total
---------------------------++-------
  Melee: Unarmed           ||    40
         Constrict         ||    14
         Tentacles         ||    12
         Punch             ||     2
   Stab: Sleeping          ||     2
 Armour: Skin              ||     5
  Dodge: Dodged            ||    49

Table legend: (Time is in decaauts)
 A = Elapsed time spent in this place.
 B = Non-inter-level travel time spent in this place.
 C = Inter-level travel time spent in this place.
 D = Time resting spent in this place.
 E = Time spent auto-exploring this place.
 F = Levels seen in this place.
 G = Mean time per level.
                   A        B        C        D        E       F      G
               +--------+--------+--------+--------+--------+-----+--------+
         Total |    461 |    461 |      0 |      0 |    360 |   1 |  461.0 |
       Dungeon |    461 |    461 |      0 |      0 |    360 |   1 |  461.0 |
               +--------+--------+--------+--------+--------+-----+--------+

Top non-repeatable levels by time:
     D:1: 461 daAuts
